 Dungeon Crawl Stone Soup version 0.28.0-49-g6dfe1f597d (webtiles) character file.

Game seed: 5594354853619279754

471632 jjjjhere the Gnoll Aeon (level 24, -2/196 HPs)
             Began as a Gnoll Fighter on May 9, 2022.
             Was the Champion of Cheibriados.
             Slain by an azure jelly (37 damage)
             ... on level 5 of the Pits of Slime on May 14, 2022.
             The game lasted 02:50:44 (61431 turns).

jjjjhere the Gnoll Aeon (Gnoll Fighter)            Turns: 61431, Time: 02:50:45

Health: -2/196     AC: 47    Str: 39    XL:     24   Next: 68%
Magic:  6/52       EV: 21    Int: 29    God:    Cheibriados [******]
Gold:   4356       SH: 17    Dex: 29    Spells: 30/56 levels left

rFire   + + .      SeeInvis .   m - +4 broad axe (flame)
rCold   . . .      Faith    +   B - +0 kite shield
rNeg    + . .      Spirit   .   u - +8 crystal plate armour
rPois   +          Reflect  .   i - +2 helmet
rElec   .          Harm     .   f - +5 cloak of Free Expression {rN+ Will+ Regen+ Int-2}
rCorr   .          Rampage  .   c - +0 pair of gloves
Will    ++...                   (no boots)
Stlth   +.........              W - amulet of faith
HPRegen 1.22/turn               O - ring "Nehas" {rPois rF+ Str+4 Stlth+}
MPRegen 0.33/turn               Y - ring of Equilibrium {rF+ MP+9 Str+3}

@: very slow
A: fangs 1, strong nose, distributed training, iridescent scales 1, sense
surroundings 1
}: 2/15 runes: serpentine, barnacled
a: Renounce Religion, Bend Time, Temporal Distortion, Slouch, Step From Time


You were on level 5 of the Pits of Slime.
You worshipped Cheibriados.
Cheibriados was exalted by your worship.
You visited 9 branches of the dungeon, and saw 47 of its levels.
You visited the Abyss 1 time.
You also visited: Sewer, Bailey and Ice Cave.

You collected 5896 gold pieces.
You spent 1540 gold pieces at shops.

Inventory:

Hand Weapons
 k - a +1 demon trident of electrocution
 m - a +4 broad axe of flaming (weapon)
 o - the +5 demon whip "Spellbinder" {antimagic, Will+}
   (You found it on level 3 of the Elven Halls)

   It reduces the magical energy of the wielder, and disrupts the spells and
   magical abilities of those it strikes.
   Natural abilities and divine invocations are not affected.
   It unleashes wild and unpredictable magical effects upon striking a wizard or
   a creature with magical abilities.
   Will:      It increases your willpower.
 p - the +7 sceptre of Torment {pain, torment}
   (You found it on level 15 of the Dungeon)

   In the hands of one skilled in necromantic magic, it inflicts extra damage on
   living creatures.
   It occasionally torments all nearby living foes when it strikes in combat.
 F - a +3 eudemon blade of holy wrath
Missiles
 a - 9 curare-tipped darts
 G - 18 javelins
 H - 16 boomerangs (quivered)
 K - 10 throwing nets
 X - 5 silver javelins
Armour
 c - a +0 pair of gloves (worn)
 f - the +5 cloak of Free Expression (worn) {rN+ Will+ Regen+ Int-2}
   (You found it in an ice cave)

   Int:       It affects your intelligence (-2).
   rN:        It protects you from negative energy.
   Regen:     It increases your rate of health regeneration.
   Will:      It increases your willpower.
 i - a +2 helmet (worn)
 u - a +8 crystal plate armour (worn)
 B - a +0 kite shield (worn)
Jewellery
 n - the ring "Kaargh" {rElec rPois rC++ Will+ Int-3}
   (You found it on level 1 of the Depths)

   [ring of willpower]

   Int:       It affects your intelligence (-3).
   rC:        It greatly protects you from cold.
   rElec:     It insulates you from electricity.
   rPois:     It protects you from poison.
   Will:      It increases your willpower.
 s - a ring of positive energy
 w - a +4 ring of protection
 L - a ring of see invisible
 O - the ring "Nehas" (left hand) {rPois rF+ Str+4 Stlth+}
   (You found it on level 1 of the Lair of Beasts)

   [ring of protection from fire]

   Str:       It affects your strength (+4).
   rF:        It protects you from fire.
   rPois:     It protects you from poison.
   Stlth:     It makes you more stealthy.
 T - a ring of resist corrosion
 W - an amulet of faith (around neck)
 Y - the ring of Equilibrium (right hand) {rF+ MP+9 Str+3}
   (You found it on level 6 of the Lair of Beasts)

   [ring of magical power]

   Str:       It affects your strength (+3).
   rF:        It protects you from fire.
   MP:        It affects your magic capacity (+9).
Wands
 y - a wand of acid (21)
 M - a wand of mindburst (8)
 S - a wand of iceblast (38)
 U - a wand of digging (15)
 Z - a wand of charming (13)
Scrolls
 e - 31 scrolls of teleportation
 r - 5 scrolls of fear
 t - 3 scrolls of fog
 v - 12 scrolls of magic mapping
 I - 5 scrolls of blinking
 J - 3 scrolls of holy word
 N - 6 scrolls of enchant weapon
Potions
 d - 9 potions of might
 h - 3 potions of berserk rage
 j - 8 potions of brilliance
 l - 13 potions of heal wounds
 x - 6 potions of invisibility
 z - 5 potions of mutation
 A - 19 potions of curing
 C - 9 potions of magic
 D - 3 potions of resistance
 E - 7 potions of cancellation
 P - 4 potions of flight
Miscellaneous
 b - a condenser vane
 g - a phial of floods
 q - a phantom mirror
 Q - a tin of tremorstones (2/2)
 R - a lightning rod (4/4)
 V - a box of beasts


   Skills:
 + Level 17.6 Fighting
 + Level 16.5 Short Blades
 + Level 16.5 Long Blades
 + Level 16.5 Axes
 + Level 16.5 Maces & Flails
 + Level 17.0 Polearms
 + Level 16.5 Staves
 + Level 16.5 Slings
 + Level 16.5 Bows
 + Level 16.5 Crossbows
 + Level 16.5 Throwing
 + Level 17.6 Armour
 + Level 16.5 Dodging
 + Level 16.5 Stealth
 + Level 17.6 Shields
 + Level 16.5 Unarmed Combat
 + Level 16.5 Spellcasting
 + Level 14.0 Conjurations
 + Level 14.0 Hexes
 + Level 14.0 Summonings
 + Level 14.0 Necromancy
 + Level 14.0 Translocations
 + Level 14.0 Transmutations
 + Level 14.0 Fire Magic
 + Level 14.0 Ice Magic
 + Level 14.0 Air Magic
 + Level 14.0 Earth Magic
 + Level 14.0 Poison Magic
 + Level 17.9 Invocations
 + Level 16.5 Evocations


You had 30 spell levels left.
You knew the following spells:

 Your Spells              Type           Power      Damage    Failure   Level
a - Lesser Beckoning      Tloc           81%        N/A       1%          3
b - Passage of Golubria   Tloc           81%        N/A       1%          4
c - Manifold Assault      Tloc           81%        N/A       1%          5
d - Borgnjor's Vile Clut  Necr/Erth      40%        N/A       1%          5
e - Flame Wave            Conj/Fire      81%        2d14      1%          4
f - Freezing Cloud        Conj/Ice/Air   40%        6-21      1%          5

Your spell library contained the following spells:

 Spells                   Type           Power      Damage    Failure   Level
 Animate Skeleton         Necr           100%       N/A       1%          1
 Apportation              Tloc           100%       N/A       1%          1
 Foxfire                  Conj/Fire      100%       2x1d9     1%          1
 Magic Dart               Conj           100%       1d8       1%          1
 Pain                     Necr           100%       1d9       1%          1
 Shock                    Conj/Air       100%       1d9       1%          1
 Slow                     Hex            100%       N/A       1%          1
 Summon Small Mammal      Summ           100%       N/A       1%          1
 Blink                    Tloc           100%       N/A       1%          2
 Call Imp                 Summ           81%        N/A       1%          2
 Corpse Rot               Necr/Air       100%       N/A       1%          2
 Poisonous Vapours        Pois/Air       100%       N/A       1%          2
 Scorch                   Fire           100%       2d10      1%          2
 Call Canine Familiar     Summ           81%        N/A       1%          3
 Confusing Touch          Hex            81%        N/A       1%          3
 Conjure Flame            Conj/Fire      81%        6-21      1%          3
 Dazzling Flash           Conj/Hex       100%       N/A       1%          3
 Frozen Ramparts          Ice            100%       1d12      1%          3
 Gell's Gravitas          Tloc           81%        N/A       1%          3
 Ignite Poison            Fire/Tmut/Pois 81%        N/A       1%          3
 Inner Flame              Hex/Fire       81%        N/A       1%          3
 Mephitic Cloud           Conj/Pois/Air  81%        N/A       1%          3
 Ozocubu's Armour         Ice            81%        N/A       1%          3
 Portal Projectile        Hex/Tloc       100%       N/A       1%          3
 Swiftness                Air            81%        N/A       1%          3
 Teleport Other           Tloc           81%        N/A       1%          3
 Vampiric Draining        Necr           81%        2d11      1%          3
 Airstrike                Air            40%        N/A       1%          4
 Cause Fear               Hex            40%        N/A       1%          4
 Dispel Undead            Necr           81%        3d26      1%          4
 Hailstorm                Conj/Ice       81%        3d16      1%          4
 Iskenderun's Mystic Bla  Conj/Tloc      81%        2d16      1%          4
 Leda's Liquefaction      Hex/Erth       40%        N/A       1%          4
 Sticky Flame             Conj/Fire      81%        2d9       1%          4
 Summon Ice Beast         Ice/Summ       81%        N/A       1%          4
 Agony                    Necr           81%        N/A       1%          5
 Excruciating Wounds      Necr           40%        N/A       1%          5
 Fireball                 Conj/Fire      40%        3d16      1%          5
 Iskenderun's Battlesphe  Conj           81%        2d13      1%          5
 Silence                  Hex/Air        40%        N/A       1%          5
 Summon Mana Viper        Hex/Summ       81%        N/A       1%          5
 Conjure Ball Lightning   Conj/Air       40%        3x3d13    11%         6
 Death Channel            Necr           40%        N/A       11%         6
 Eringya's Noxious Bog    Tmut/Pois      40%        N/A       11%         6
 Summon Cactus Giant      Summ           40%        N/A       11%         6
 Dragon Form              Tmut           40%        N/A       50%         7
 Monstrous Menagerie      Summ           40%        N/A       50%         7
 Orb of Destruction       Conj           40%        9d11      50%         7
 Ozocubu's Refrigeration  Ice            40%        4d13      50%         7
 Spellforged Servitor     Conj/Summ      40%        N/A       50%         7
 Summon Hydra             Summ           40%        N/A       50%         7
 Discord                  Hex            40%        N/A       99%         8
 Disjunction              Tloc           40%        N/A       99%         8
 Lehudib's Crystal Spear  Conj/Erth      40%        10d10     99%         8


Dungeon Overview and Level Annotations

Branches:
Dungeon (15/15)            Temple (0/1) D:5            Lair (6/6) D:9
 Shoals (4/4) Lair:3        Snake (4/4) Lair:4        Slime (5/5) Lair:6
    Orc (2/2) D:10            Elf (3/3) Orc:2        Vaults (4/5) D:14
  Crypt (0/3) Vaults:2     Depths (4/4) D:15            Zot (0/5) Depths:4
  Sewer (visited)          Bailey (visited)           IceCv (visited)

Altars:
Ashenzari
Cheibriados
Elyvilon
Kikubaaqudgha
Nemelex Xobeh
Qazlal
Ru
Sif Muna
Uskayaw
Wu Jian
Xom
Yredelemnul
The Shining One
Jiyva
Lugonu

Shops:
D:2 :   D:9 :?(?=   D:10 :   D:12 =   D:15 (   Orc:2 ![*:(   Elf:1 ::(
Elf:2 :   Elf:3 (   Lair:1 :   Shoals:4 [   Snake:4 ([[   Vaults:3 *

Portals:
Hell: Depths:1 Depths:2 Depths:3 Depths:4
Abyss: Lair:1 Depths:2 Depths:3
Pandemonium: Orc:2 Depths:2
Ziggurat: Depths:2

Annotations:
D:4 1 runed translucent door
D:5 5 runed translucent doors, hawla's ghost, novice DEEE
D:15 1 runed translucent door, MadAsgardian's ghost, journeyman TrMo
Lair:1 2 transporters, 0gre's ghost, journeyman GnIE
Slime:5 Royal Jelly
Elf:2 3 runed translucent doors
Vaults:3 1 transporter
Depths:2 exclusions: eye of devastation and 2 shining eyes


Innate Abilities, Weirdness & Mutations

You have very sharp teeth.
Your uncanny sense of smell can sniff out nearby items.
Your experience applies equally to all skills.
You are partially covered in iridescent scales. (AC +2)
You passively map a small area around you.


Message History

As you read the scroll of teleportation, it crumbles to dust.
You feel strangely unstable. You block the acid blob's attack.
The azure jelly hits you but does no damage.
You block the azure jelly's attack. The azure jelly hits you.
* * * LOW HITPOINT WARNING * * *
The azure jelly hits you but does no damage.
The rockslime hits you but does no damage.
You hit the rockslime.
The rockslime is severely wounded.
You slice the azure jelly!! You burn the azure jelly!
You hit the rockslime but do no damage.
The azure jelly hits you but does no damage.
The azure jelly barely misses you. You block the azure jelly's attack. x2
A slime creature comes into view.
The rockslime hits you!
* * * LOW HITPOINT WARNING * * *
You hold your ground!
You slice the azure jelly!! You burn the azure jelly!
You kill the azure jelly!
That felt strangely unrewarding.
You barely miss the rockslime. You hit the rockslime but do no damage.
You block the rockslime's attack.
Two slime creatures merge to form a very large slime creature.
You block the rockslime's attack.
You hit the rockslime but do no damage.
You bite the rockslime, but do no damage.
The rockslime is severely wounded.
You hit the rockslime but do no damage.
Your surroundings suddenly seem different.
An azure jelly comes into view.
The azure jelly quivers.
Unknown command.
An azure jelly is nearby!
You slice the azure jelly like a ripe choko!!!
You burn the azure jelly!!
You bite the azure jelly, but do no damage.
The azure jelly is almost dead.
The azure jelly hits you.
* * * LOW HITPOINT WARNING * * *
The azure jelly freezes you!!!
You die...

, .................
........ ,
.................. .......
.................. ......
...........................
,
...........................
, .......................
...
,.......................
,.......................
.........J@............,, *
.......................
,.......................
......................., ,
* ....................... ,
...................... *
.#.........<.......##
###.#.............#
##.....#.....##


You could see an azure jelly.

Vanquished Creatures
  Mennas (Vaults:4)
  Vashnia (Snake:1)
  2 caustic shrikes (Depths:3)
  2 hellephants (Depths:3)
  2 liches
  3 tentacled monstrosities
  A walking crystal tome (Depths:3)
  Mlioglotl (Snake:1)
  A walking frostbound tome (Depths:3)
  A walking earthen tome (Depths:3)
  12 acid blobs
  A kraken (Shoals:4)
  2 deep elf blademasters (Elf:3)
  Polyphemus (Shoals:3)
  A walking divine tome (Depths:4)
  5 sphinxes
  A tentacled starspawn (Abyss:4)
  Donald (Snake:2)
  A tengu reaver (Vaults:4)
  A storm dragon (Depths:4)
  A draconian monk (Depths:4)
  4 rockslimes
  5 nagarajas
  10 vault wardens
  4 fire giants
  2 deep elf sorcerers (Elf:3)
  6 azure jellies
  Louise (Elf:1)
  Aizul (Snake:2)
  8 deep elf elementalists
  A draconian shifter (Depths:4)
  4 frost giants
  An orc warlord (Vaults:2)
  A ghost moth (shapeshifter) (Vaults:4)
  17 ironbound preservers
  4 spriggan defenders
  5 quicksilver oozes
  8 very ugly things
  2 war gargoyles (Vaults:4)
  9 stone giants
  5 ironbound thunderhulks
  3 deep elf demonologists
  Nessos (D:14)
  An entropy weaver (Vaults:1)
  3 black draconians (Depths:4)
  3 deep elf annihilators (Elf:3)
  A bunyip (shapeshifter) (Vaults:4)
  5 yellow draconians (Depths:4)
  31 dire elephants
  6 spark wasps (Depths:2)
  A crystal guardian (Vaults:2)
  A blizzard demon (Depths:1)
  5 deep elf death magi (Elf:3)
  6 merfolk impalers
  2 merfolk javelineers
  4 ettins
  5 deep elf high priests
  6 fire dragons
  12 yaktaur captains
  13 great orbs of eyes
  3 peacekeepers
  3 rakshasas
  16 naga warriors
  5 ice dragons
  2 spriggan air magi (Depths:2)
  9 vault guards
  3 alligator snapping turtles
  7 hydras
  5 salamander tyrants
  2 catoblepae
  7 boulder beetles
  2 death knights (D:13)
  7 merfolk aquamancers
  2 demonspawn (Orc:2)
  4 ogre magi
  9 anacondas
  14 centaur warriors
  10 ironbound frosthearts
  5 merfolk avatars
  4 two-headed ogres
  4 death yaks
  6 deep troll shamans
  10 deep troll earth magi
  7 orc high priests (Orc:2)
  A satyr (Shoals:4)
  7 spriggan berserkers
  18 dancing weapons
  5 tengu warriors
  A soul eater (Orc:2)
  3 sun demons (Depths:1)
  7 hell hogs (Depths:3)
  16 naga sharpshooters
  3 shock serpents
  13 deep elf knights
  Nergalle (Lair:4)
  17 hell knights
  A fire crab (shapeshifter) (D:14)
  A wretched star (Abyss:3)
  6 iron trolls
  4 salamander mystics
  2 flayed ghosts
  12 sea snakes
  85 deep trolls
  11 deep elf archers
  An orb spider (shapeshifter) (D:14)
  2 bog bodies (IceCv)
  2 spriggan druids (Depths:2)
  3 glowing orange brains
  A swamp dragon (Lair:6)
  2 phantasmal warriors (D:13)
  14 wizards
  A harpy (shapeshifter) (D:12)
  26 harpies
  6 necromancers
  26 deep elf pyromancers
  14 lindwurms
  8 orc knights
  16 ironbound convokers
  19 deep elf zephyrmancers
  20 manticores
  2 wolf spiders
  5 mana vipers
  6 orc sorcerers
  54 ugly things
  6 fauns
  3 shining eyes
  8 cyclopes
  17 salamanders
  18 vault sentinels
  10 merfolk sirens
  4 human skeletons
  6 guardian serpents
  36 black mambas
  6 water nymphs
  16 cane toads
  A gargoyle (D:10)
  21 naga magi
  2 human zombies
  10 elephants
  A smoke demon (Depths:1)
  An ice statue (IceCv)
  A cane toad (shapeshifter) (D:14)
  2 torpor snails (Lair:6)
  A hellion (Depths:1)
  Maggie (D:6)
  39 yaktaurs
  5 rime drakes
  An unseen horror (shapeshifter) (D:13)
  2 freezing wraiths
  An efreet (D:14)
  17 komodo dragons
  2 anaconda simulacra (IceCv)
  3 entropy weaver simulacra (IceCv)
  4 ice devils (Depths:1)
  27 merfolk
  5 wind drakes
  A meliai (D:10)
  A yaktaur skeleton (Vaults:3)
  3 polar bears
  A merfolk (shapeshifter) (Elf:1)
  2 trolls
  Grinder (D:3)
  Prince Ribbit (Bailey)
  7 hornets
  5 snapping turtles
  23 dream sheep
  16 blink frogs
  63 slime creatures
  An ettin zombie (Vaults:2)
  2 centaur simulacra
  A fire giant simulacrum (Vaults:2)
  An air elemental (Elf:2)
  4 water elementals
  18 spriggans (Depths:2)
  A shadow (D:9)
  15 wyverns
  A vampire (D:9)
  Sigmund (D:6)
  A dire elephant simulacrum (IceCv)
  12 wraiths
  Eustachio (D:6)
  A human (shapeshifter) (D:14)
  45 yaks
  4 humans (Bailey)
  A golden eye (shapeshifter) (D:12)
  4 golden eyes (Slime:5)
  6 basilisks
  3 chaos spawn
  2 fire elementals (Elf:1)
  4 steam dragons
  A death yak simulacrum (IceCv)
  6 vampire mosquitoes
  2 redbacks
  2 large abominations
  2 wargs
  39 nagas
  4 acid dragons
  Duvessa (D:5)
  31 water moccasins
  A floating eye (Depths:4)
  A swamp drake (Lair:6)
  An ice beast (D:7)
  A sky beast (D:8)
  22 orc warriors
  2 black bears
  5 boggarts (Vaults:1)
  A necrophage (D:5)
  7 ogres
  9 wolves (Lair:6)
  2 phantoms
  5 centaurs
  4 kobold brigands
  A gnoll sergeant (D:10)
  16 bullfrogs
  2 two-headed ogre simulacra (IceCv)
  2 cane toad simulacra (IceCv)
  An earth elemental (Elf:1)
  2 scorpions
  Dowan (D:5)
  16 killer bees
  13 wights
  2 elephant simulacra (IceCv)
  8 electric eels
  6 howler monkeys
  A crimson imp (Depths:1)
  A small abomination (Abyss:4)
  A quasit (Abyss:4)
  7 centaur zombies
  27 orc priests
  A hound (D:5)
  A jelly (D:5)
  2 gnoll shamans
  An iron imp (Abyss:3)
  Jessica (D:2)
  14 orc wizards
  6 iguanas
  A polar bear simulacrum (IceCv)
  A killer bee zombie (D:6)
  10 spriggan simulacra (IceCv)
  5 troll simulacra (IceCv)
  2 wolf simulacra (IceCv)
  A hound skeleton (D:5)
  20 gnolls
  4 howler monkey zombies
  3 howler monkey skeletons
  11 adders
  6 naga simulacra (IceCv)
  3 shadow imps
  12 white imps
  8 ufetubi
  An adder skeleton (D:5)
  3 worms
  3 dart slugs
  68 orcs
  9 ball pythons
  11 endoplasms
  6 giant cockroaches
  13 goblins
  5 hobgoblins
  6 jackals
  38 kobolds
  8 quokkas
  3 bats
  6 frilled lizards
  A kobold skeleton (D:4)
  7 rats
  4 tentacles (Shoals:4)
1928 creatures vanquished.

Vanquished Creatures (collateral kills)
  Bai Suzhen (Shoals:4)
  A merfolk javelineer (Shoals:4)
  3 merfolk impalers (Shoals:4)
  A hydra (Lair:2)
  A merfolk aquamancer (Shoals:4)
  2 naga sharpshooters (Snake:3)
  A death yak (Lair:6)
  An elephant (Lair:6)
  A merfolk (Shoals:4)
  A wyvern (Lair:6)
13 creatures vanquished.

Vanquished Creatures (others)
  A shadow wraith (D:11)
  An air elemental (Elf:1)
  An ufetubus (IceCv)
  A bush (D:14)
  54 fungi
  409 plants
  2 starspawn tentacles (Abyss:4)
  6 tentacles (Shoals:4)
  2 withered plants (D:5)
477 creatures vanquished.

Grand Total: 2418 creatures vanquished

Notes
Turn   | Place    | Note
-------+----------+-------------------------------------------
     0 | D:1      | jjjjhere the Gnoll Fighter began the quest for the Orb.
     0 | D:1      | Reached XP level 1. HP: 23/23 MP: 1/1
    78 | D:1      | Reached XP level 2. HP: 29/29 MP: 2/2
   294 | D:1      | Found a faded altar of an unknown god.
   303 | D:1      | Prayed at the altar of an unknown god.
   303 | D:1      | Became a worshipper of Cheibriados the Contemplative
   303 | D:1      | Reached * piety under Cheibriados
   503 | D:1      | Reached XP level 3. HP: 35/35 MP: 3/3
   653 | D:1      | You fall into a shaft and drop 1 floor!
   683 | D:2      | Reached skill level 1 in Invocations
   684 | D:2      | HP: 11/35 [poisoned by an adder]
   690 | D:2      | HP: 8/35 [poisoned by an adder]
   981 | D:2      | Noticed a scorpion
  1266 | D:2      | Reached skill level 1 in Short Blades
  1266 | D:2      | Reached skill level 1 in Long Blades
  1266 | D:2      | Reached skill level 1 in Axes
  1266 | D:2      | Reached skill level 1 in Maces & Flails
  1266 | D:2      | Reached skill level 1 in Staves
  1266 | D:2      | Reached skill level 1 in Slings
  1266 | D:2      | Reached skill level 1 in Bows
  1266 | D:2      | Reached skill level 1 in Crossbows
  1266 | D:2      | Reached skill level 1 in Throwing
  1266 | D:2      | Reached skill level 1 in Dodging
  1266 | D:2      | Reached skill level 1 in Stealth
  1266 | D:2      | Reached skill level 1 in Unarmed Combat
  1266 | D:2      | Reached skill level 1 in Spellcasting
  1266 | D:2      | Reached skill level 1 in Evocations
  1278 | D:2      | Noticed Jessica
  1294 | D:2      | Killed Jessica
  1294 | D:2      | HP: 8/35 [worm (5)]
  1295 | D:2      | Reached XP level 4. HP: 10/41 MP: 5/5
  1549 | D:2      | Found Zyafrof's Book Shop.
  1592 | D:2      | Reached skill level 1 in Conjurations
  1592 | D:2      | Reached skill level 1 in Hexes
  1592 | D:2      | Reached skill level 1 in Summonings
  1592 | D:2      | Reached skill level 1 in Necromancy
  1592 | D:2      | Reached skill level 1 in Translocations
  1592 | D:2      | Reached skill level 1 in Transmutations
  1592 | D:2      | Reached skill level 1 in Fire Magic
  1592 | D:2      | Reached skill level 1 in Ice Magic
  1592 | D:2      | Reached skill level 1 in Air Magic
  1592 | D:2      | Reached skill level 1 in Earth Magic
  1592 | D:2      | Reached skill level 1 in Poison Magic
  1614 | D:2      | Reached ** piety under Cheibriados
  2027 | D:2      | Killed a scorpion
  2028 | D:2      | Reached XP level 5. HP: 41/47 MP: 5/7
  2234 | D:3      | HP: 10/47 [orc priest/divine providence (10)]
  2516 | D:3      | Found a hide-covered altar of Uskayaw.
  2629 | D:3      | Noticed Grinder
  2629 | D:3      | Paralysed by Grinder for 3 turns
  2642 | D:3      | Paralysed by Grinder for 3 turns
  2649 | D:3      | Killed Grinder
  2650 | D:3      | Reached skill level 5 in Polearms
  2650 | D:3      | Reached XP level 6. HP: 37/53 MP: 7/9
  3056 | D:4      | Found an ornate altar of the Wu Jian Council.
  3063 | D:4      | Found a sacrificial altar of Ru.
  3063 | D:4      | Found a white marble altar of Elyvilon.
  3082 | D:4      | Found a shimmering altar of Xom.
  3093 | D:4      | Found a runed translucent door.
  3093 | D:4      | Noticed a human
  3100 | D:4      | Found a basalt altar of Yredelemnul.
  3121 | D:4      | Reached XP level 7. HP: 59/59 MP: 10/10
  3232 | D:4      | Reached *** piety under Cheibriados
  3483 | D:4      | Found a stormy altar of Qazlal.
  3607 | D:5      | Entered Level 5 of the Dungeon
  3815 | D:5      | Reached **** piety under Cheibriados
  3836 | D:5      | Noticed Duvessa
  3836 | D:5      | Noticed Dowan
  3841 | D:5      | Killed Duvessa
  3841 | D:5      | Killed Dowan
  3842 | D:5      | Reached XP level 8. HP: 58/67 MP: 6/12
  4044 | D:5      | Found a runed translucent door.
  4047 | D:5      | Noticed hawla's ghost (novice DEEE)
  4082 | D:5      | Found a large runed translucent door.
  4082 | D:5      | Found a large runed translucent door.
  4261 | D:5      | Noticed a wraith
  4282 | D:5      | Found a large runed translucent door.
  4282 | D:5      | Found a large runed translucent door.
  4515 | D:5      | Found a staircase to the Ecumenical Temple.
  4551 | D:5      | Found a broken altar of Ashenzari.
  4754 | D:6      | Got the Incunabulum of Creative Venom
  4784 | D:6      | Noticed Eustachio
  4805 | D:6      | Killed Eustachio
  4806 | D:6      | Reached XP level 9. HP: 59/72 MP: 14/14
  4854 | D:6      | Found a glowing drain.
  4879 | D:6      | Reached ***** piety under Cheibriados
  4884 | Sewer    | Entered a sewer
  5171 | Sewer    | Identified a scroll of acquirement
  5171 | Sewer    | Acquired a +0 crystal plate armour
  5430 | D:6      | Noticed Maggie
  5549 | D:6      | Paralysed by Maggie for 5 turns
  5561 | D:6      | Paralysed by Maggie for 5 turns
  5569 | D:6      | Paralysed by Maggie for 3 turns
  5577 | D:6      | Killed Maggie
  5730 | D:6      | Noticed Sigmund
  5742 | D:6      | Killed Sigmund
  6140 | D:7      | Reached skill level 5 in Invocations
  6512 | D:7      | Reached XP level 10. HP: 80/80 MP: 17/17
  6797 | D:8      | Reached skill level 5 in Short Blades
  6797 | D:8      | Reached skill level 5 in Long Blades
  6797 | D:8      | Reached skill level 5 in Axes
  6797 | D:8      | Reached skill level 5 in Maces & Flails
  6797 | D:8      | Reached skill level 5 in Staves
  6797 | D:8      | Reached skill level 5 in Slings
  6797 | D:8      | Reached skill level 5 in Bows
  6797 | D:8      | Reached skill level 5 in Crossbows
  6797 | D:8      | Reached skill level 5 in Throwing
  6797 | D:8      | Reached skill level 5 in Dodging
  6797 | D:8      | Reached skill level 5 in Stealth
  6797 | D:8      | Reached skill level 5 in Unarmed Combat
  6797 | D:8      | Reached skill level 5 in Spellcasting
  6797 | D:8      | Reached skill level 5 in Evocations
  6855 | D:8      | Reached ****** piety under Cheibriados
  7116 | D:8      | Found a flagged portal.
  7151 | Bailey   | Entered a bailey
  7492 | Bailey   | Noticed a vault guard
  7492 | Bailey   | Noticed Prince Ribbit
  7537 | Bailey   | HP: 19/82 [vault guard/+0 broad axe (12)]
  7541 | Bailey   | Killed a vault guard
  7553 | Bailey   | HP: 26/82 [Prince Ribbit (10)]
  7556 | Bailey   | Killed Prince Ribbit
  7838 | Bailey   | Noticed a vault guard
  7867 | Bailey   | Killed a vault guard
  7868 | Bailey   | Reached XP level 11. HP: 71/87 MP: 19/19
  7991 | D:8      | Found a glowing golden altar of the Shining One.
  8371 | D:9      | Found Atee's Magic Scroll Shoppe.
  8398 | D:9      | Bought a scroll of blinking for 97 gold pieces
  8398 | D:9      | Bought a scroll of teleportation for 39 gold pieces
  8470 | D:9      | Reached skill level 5 in Conjurations
  8470 | D:9      | Reached skill level 5 in Hexes
  8470 | D:9      | Reached skill level 5 in Summonings
  8470 | D:9      | Reached skill level 5 in Necromancy
  8470 | D:9      | Reached skill level 5 in Translocations
  8470 | D:9      | Reached skill level 5 in Transmutations
  8470 | D:9      | Reached skill level 5 in Fire Magic
  8470 | D:9      | Reached skill level 5 in Ice Magic
  8470 | D:9      | Reached skill level 5 in Air Magic
  8470 | D:9      | Reached skill level 5 in Earth Magic
  8470 | D:9      | Reached skill level 5 in Poison Magic
  8588 | D:9      | Found a shimmering blue altar of Sif Muna.
  8605 | D:9      | Found Qatuleca's Book Shop.
  8606 | D:9      | Found a staircase to the Lair.
  8799 | D:9      | Noticed a two-headed ogre
  8812 | D:9      | Killed a two-headed ogre
  9220 | D:9      | HP: 29/89 [something (6)]
  9225 | D:9      | HP: 25/89 [something (5)]
  9491 | D:9      | Found Qynuc's Antique Weapon Emporium.
  9595 | D:9      | Found Xoeruoc's Jewellery Emporium.
  9603 | D:9      | Bought a ring of see invisible for 180 gold pieces
 10306 | D:9      | Found Deuwkafi's Magic Scroll Boutique.
 10311 | D:9      | Bought a scroll of fog for 24 gold pieces
 10311 | D:9      | Bought a scroll of blinking for 90 gold pieces
 10311 | D:9      | Bought a scroll of identify for 24 gold pieces
 10311 | D:9      | Bought a scroll of identify for 24 gold pieces
 10311 | D:9      | Bought a scroll of identify for 24 gold pieces
 10325 | Lair:1   | Entered Level 1 of the Lair of Beasts
 10434 | Lair:1   | Noticed a fire dragon
 10438 | Lair:1   | Killed a fire dragon
 10586 | Lair:1   | Identified the ring "Nehas" {rPois rF+ Str+4 Stlth+}
 10681 | Lair:1   | Found a transporter.
 10833 | Lair:1   | Found a transporter.
 10833 | Lair:1   | Found a one-way gate to the infinite horrors of the Abyss.
 10833 | Lair:1   | Noticed 0gre's ghost (journeyman GnIE)
 10833 | Lair:1   | Noticed a spriggan rider
 10835 | Lair:1   | Noticed a brown ugly thing
 10835 | Lair:1   | Noticed a green ugly thing
 10835 | Lair:1   | Noticed a wretched star
 10848 | Lair:1   | Noticed a white ugly thing
 10870 | Lair:1   | You fall into a shaft and drop 1 floor!
 11292 | Lair:1   | Reached XP level 12. HP: 83/96 MP: 22/22
 11678 | Lair:2   | Noticed a six-headed hydra
 11694 | Lair:2   | Killed a six-headed hydra
 12710 | Lair:3   | Noticed a four-headed hydra
 12715 | Lair:3   | Killed a four-headed hydra
 12773 | Lair:3   | Reached skill level 10 in Fighting
 12773 | Lair:3   | Reached skill level 10 in Armour
 12773 | Lair:3   | Reached skill level 10 in Shields
 12938 | Lair:3   | Noticed an eight-headed hydra
 12950 | Lair:3   | Killed an eight-headed hydra
 13239 | Lair:3   | Found a staircase to the Shoals.
 13800 | Lair:4   | Got the Guide on Damaging Ignition
 13907 | Lair:4   | Reached XP level 13. HP: 103/103 MP: 24/24
 14277 | Lair:4   | Noticed Nergalle
 14283 | Lair:4   | Killed Nergalle
 14554 | Lair:4   | Found a staircase to the Snake Pit.
 15032 | Lair:5   | Found an ancient bone altar of Kikubaaqudgha.
 15970 | Lair:6   | Entered Level 6 of the Lair of Beasts
 16441 | Lair:6   | Found a staircase to the Slime Pits.
 16480 | Lair:6   | Reached skill level 10 in Polearms
 16500 | Lair:6   | Reached XP level 14. HP: 112/113 MP: 26/26
 16593 | Lair:6   | Paralysed by a hornet for 2 turns
 16736 | Lair:6   | Reached skill level 10 in Invocations
 17185 | Lair:6   | Identified the ring of Equilibrium {rF+ MP+9 Str+3}
 17547 | Lair:6   | Identified the +6 scale mail "Kiux" {rElec rC+ Will+}
 18200 | D:10     | Entered Level 10 of the Dungeon
 18502 | D:10     | Found a staircase to the Orcish Mines.
 18510 | D:10     | Acquired 666 gold pieces
 18935 | D:10     | Paralysed by an ogre mage for 6 turns
 19250 | D:10     | Identified the +1 chain mail of Himod {Will++}
 19287 | D:10     | HP: 35/113 [ice dragon (7)]
 19289 | D:10     | HP: 9/113 [ice dragon/blast of cold (27)]
 19838 | Orc:1    | Entered Level 1 of the Orcish Mines
 19943 | Orc:1    | Reached XP level 15. HP: 120/120 MP: 28/28
 19947 | Orc:1    | Learned a level 3 spell: Lesser Beckoning
 20001 | Orc:2    | Entered Level 2 of the Orcish Mines
 20415 | Orc:2    | Found Gitofug's General Store.
 20417 | Orc:2    | Found Leupiuz's Distillery.
 20937 | Orc:2    | Reached skill level 10 in Short Blades
 20937 | Orc:2    | Reached skill level 10 in Long Blades
 20937 | Orc:2    | Reached skill level 10 in Axes
 20937 | Orc:2    | Reached skill level 10 in Maces & Flails
 20937 | Orc:2    | Reached skill level 10 in Staves
 20937 | Orc:2    | Reached skill level 10 in Slings
 20937 | Orc:2    | Reached skill level 10 in Bows
 20937 | Orc:2    | Reached skill level 10 in Crossbows
 20937 | Orc:2    | Reached skill level 10 in Throwing
 20937 | Orc:2    | Reached skill level 10 in Dodging
 20937 | Orc:2    | Reached skill level 10 in Stealth
 20937 | Orc:2    | Reached skill level 10 in Unarmed Combat
 20937 | Orc:2    | Reached skill level 10 in Spellcasting
 20937 | Orc:2    | Reached skill level 10 in Evocations
 21596 | Orc:2    | Found a staircase to the Elven Halls.
 21602 | Orc:2    | Found Jeicra's Antique Weapon Shoppe.
 22032 | Orc:2    | Found Amytaqae's Antique Armour Shop.
 22032 | Orc:2    | Found Atycur's Book Boutique.
 22032 | Orc:2    | Found a one-way gate leading to the halls of Pandemonium.
 22040 | Orc:2    | Bought a pair of faintly humming gloves for 304 gold pieces
 22040 | Orc:2    | Identified the +0 pair of gloves of the Planets {-Tele
                  | rElec Str+4 Slay+2} (You bought it in a shop on level 2 of
                  | the Orcish Mines)
 23247 | D:11     | Learned a level 4 spell: Passage of Golubria
 23438 | D:12     | Found a frozen archway.
 23447 | IceCv    | Entered an ice cave
 24334 | IceCv    | Identified the +5 cloak of Free Expression {rN+ Will+
                  | Regen+ Int-2}
 24657 | D:12     | Found Nikisu's Jewellery Emporium.
 25744 | D:13     | Reached XP level 16. HP: 128/128 MP: 30/30
 26260 | Snake:1  | Entered Level 1 of the Snake Pit
 26273 | Lair:4   | HP: 42/129 [black mamba (2)]
 26278 | Lair:4   | HP: 33/129 [poisoned by a black mamba]
 26284 | Lair:4   | HP: 35/129 [poisoned by a black mamba]
 26648 | Snake:1  | Noticed Mlioglotl
 26667 | Snake:1  | Killed Mlioglotl
 27634 | Snake:2  | Noticed Aizul
 27656 | Snake:2  | Killed Aizul
 28081 | Snake:2  | Noticed Donald
 28094 | Snake:2  | Killed Donald
 28171 | Snake:2  | Noticed Vashnia
 28412 | Snake:1  | Killed Vashnia
 29735 | Snake:3  | Noticed a nagaraja
 29751 | Snake:3  | Killed a nagaraja
 29942 | Snake:3  | HP: 42/129 [naga sharpshooter/arrow (1)]
 30486 | Snake:3  | Learned a level 5 spell: Manifold Assault
 30927 | Snake:3  | Reached XP level 17. HP: 136/136 MP: 30/32
 30964 | Snake:4  | Entered Level 4 of the Snake Pit
 31128 | Snake:4  | Found Curuumyi's Armour Shoppe.
 31378 | Snake:4  | Found Feesytyi's Antique Weapon Boutique.
 31432 | Snake:4  | HP: 28/136 [naga warrior/+0 flail (31)]
 31433 | Snake:4  | HP: 8/136 [naga warrior/+0 flail (12)]
 31441 | Snake:4  | HP: 34/136 [guardian serpent/bolt of poison (3)]
 31446 | Snake:4  | HP: 37/136 [poisoned by a nagaraja (poison arrow)]
 31448 | Snake:4  | Found Pagag's Antique Armour Boutique.
 31928 | Orc:2    | Bought 2 potions of heal wounds for 160 gold pieces
 31928 | Orc:2    | Bought a potion of curing for 48 gold pieces
 31930 | Orc:2    | Bought a scroll of enchant armour for 82 gold pieces
 31930 | Orc:2    | Bought a scroll of enchant weapon for 82 gold pieces
 32887 | Snake:4  | HP: 43/137 [constriction (3)]
 32892 | Snake:4  | HP: 39/137 [poisoned by a nagaraja (bolt of poison)]
 32915 | Snake:4  | HP: 42/137 [constriction (5)]
 32920 | Snake:4  | HP: 35/137 [poisoned by a nagaraja (splash of poison)]
 32925 | Snake:4  | HP: 26/137 [poisoned by a nagaraja (splash of poison)]
 32930 | Snake:4  | HP: 37/137 [poisoned by a nagaraja (poison arrow)]
 32932 | Snake:4  | HP: 17/137 [poisoned by a nagaraja (poison arrow)]
 32937 | Snake:4  | HP: 14/137 [poisoned by a nagaraja (poison arrow)]
 32942 | Snake:4  | HP: 16/137 [poisoned by a nagaraja (poison arrow)]
 32965 | Snake:4  | HP: 41/137 [salamander tyrant (2)]
 32969 | Snake:4  | HP: 18/137 [salamander tyrant (14)]
 33143 | Snake:4  | Reached skill level 10 in Conjurations
 33143 | Snake:4  | Reached skill level 10 in Hexes
 33143 | Snake:4  | Reached skill level 10 in Summonings
 33143 | Snake:4  | Reached skill level 10 in Necromancy
 33143 | Snake:4  | Reached skill level 10 in Translocations
 33143 | Snake:4  | Reached skill level 10 in Transmutations
 33143 | Snake:4  | Reached skill level 10 in Fire Magic
 33143 | Snake:4  | Reached skill level 10 in Ice Magic
 33143 | Snake:4  | Reached skill level 10 in Air Magic
 33143 | Snake:4  | Reached skill level 10 in Earth Magic
 33143 | Snake:4  | Reached skill level 10 in Poison Magic
 33408 | Snake:4  | Got a serpentine rune of Zot
 33593 | Shoals:1 | Entered Level 1 of the Shoals
 34732 | Shoals:2 | Reached XP level 18. HP: 100/144 MP: 34/34
 34861 | Shoals:2 | Got the Almanac of Shifting Unholy Arts
 34916 | Shoals:2 | Learned a level 5 spell: Borgnjor's Vile Clutch
 34921 | Shoals:2 | Learned a level 4 spell: Flame Wave
 36032 | Shoals:4 | Entered Level 4 of the Shoals
 36134 | Shoals:4 | Noticed Polyphemus
 36163 | Shoals:3 | Killed Polyphemus
 36534 | Shoals:4 | Identified the +7 spear "Ifiysk" {drain, *Slow rC+ Int+3}
 36601 | Shoals:4 | Found Zeri's Armour Emporium.
 36884 | Shoals:4 | Got a barnacled rune of Zot
 37564 | Shoals:4 | Identified the +1 scale mail "Ytehib" {*Corrode +Blink +Inv
                  | rF+++}
 37688 | Shoals:4 | Noticed Bai Suzhen
 37725 | Shoals:4 | Killed Bai Suzhen
 38046 | D:12     | Upgraded the game from 0.28.0-47-ge53b351184 to
                  | 0.28.0-49-g6dfe1f597d
 38132 | D:14     | Learned a level 5 spell: Freezing Cloud
 38157 | D:14     | Reached XP level 19. HP: 152/152 MP: 35/35
 38168 | D:14     | Found a gate to the Vaults.
 38367 | D:14     | Noticed Nessos
 38373 | D:14     | Killed Nessos
 38691 | D:15     | Entered Level 15 of the Dungeon
 38691 | D:15     | Found the +7 sceptre of Torment {pain, torment}
 38692 | D:15     | Found Doituck's Weapon Shop.
 38819 | D:15     | Found a staircase to the Depths.
 39033 | D:15     | Found a runed translucent door.
 39034 | D:15     | Noticed MadAsgardian's ghost (journeyman TrMo)
 39532 | Vaults:1 | Entered Level 1 of the Vaults
 40643 | Vaults:1 | Identified the +8 great sword "Damegep" {freeze, *Noise
                  | Str+4 Dex+4}
 41000 | Vaults:1 | Reached XP level 20. HP: 152/161 MP: 37/37
 41328 | Vaults:1 | Reached skill level 15 in Fighting
 41328 | Vaults:1 | Reached skill level 15 in Armour
 41328 | Vaults:1 | Reached skill level 15 in Shields
 42393 | Vaults:2 | Found a staircase to the Crypt.
 42546 | Vaults:2 | Reached skill level 15 in Invocations
 43881 | Vaults:3 | Reached XP level 21. HP: 156/169 MP: 23/39
 44460 | Vaults:3 | Reached skill level 15 in Polearms
 44653 | Vaults:3 | Found Tusophich's Assorted Antiques.
 44667 | Vaults:3 | Bought a scroll of enchant armour for 247 gold pieces
 44667 | Vaults:3 | Bought a scroll of fear for 115 gold pieces
 44713 | Vaults:3 | Found a transporter.
 47092 | Vaults:4 | Noticed Mennas
 47108 | Vaults:4 | Killed Mennas
 47109 | Vaults:4 | Reached XP level 22. HP: 161/178 MP: 11/40
 47652 | Depths:1 | Entered Level 1 of the Depths
 48232 | Depths:1 | Identified the ring "Kaargh" {rElec rPois rC++ Will+ Int-3}
 48643 | Depths:1 | Reached skill level 15 in Short Blades
 48643 | Depths:1 | Reached skill level 15 in Long Blades
 48643 | Depths:1 | Reached skill level 15 in Axes
 48643 | Depths:1 | Reached skill level 15 in Maces & Flails
 48643 | Depths:1 | Reached skill level 15 in Staves
 48643 | Depths:1 | Reached skill level 15 in Slings
 48643 | Depths:1 | Reached skill level 15 in Bows
 48643 | Depths:1 | Reached skill level 15 in Crossbows
 48643 | Depths:1 | Reached skill level 15 in Throwing
 48643 | Depths:1 | Reached skill level 15 in Dodging
 48643 | Depths:1 | Reached skill level 15 in Stealth
 48643 | Depths:1 | Reached skill level 15 in Unarmed Combat
 48643 | Depths:1 | Reached skill level 15 in Spellcasting
 48643 | Depths:1 | Reached skill level 15 in Evocations
 48661 | Depths:1 | HP: 55/178 [blizzard demon/bolt of cold (11)]
 49276 | Depths:1 | Found a gateway to Hell.
 50167 | Depths:2 | Found a white marble altar of Elyvilon.
 50209 | Depths:2 | Found a one-way gateway to a ziggurat.
 51707 | Depths:3 | Found a sparkling altar of Nemelex Xobeh.
 51908 | Depths:3 | Reached XP level 23. HP: 149/186 MP: 34/42
 52500 | Depths:3 | HP: 55/186 [hellephant/blast of flame (37)]
 52508 | Depths:3 | HP: 57/186 [hell hog/fireball (1)]
 52960 | Depths:3 | Found a corrupted altar of Lugonu.
 53093 | Depths:3 | Noticed a caustic shrike
 53106 | Depths:3 | Killed a caustic shrike
 53169 | Depths:3 | Noticed a caustic shrike
 53182 | Depths:3 | Killed a caustic shrike
 53276 | Depths:3 | Identified the +8 falchion "Zeywurgh" {vamp, Fragile rC+
                  | Str+2}
 53324 | Depths:3 | HP: 18/186 [living spell/crystal spear[a walking crystal
                  | tome] (57)]
 53837 | Depths:4 | Entered Level 4 of the Depths
 53924 | Depths:4 | Found an ornate altar of the Wu Jian Council.
 53939 | Depths:4 | Found an ancient bone altar of Kikubaaqudgha.
 54132 | Depths:4 | Paralysed by a floating eye for 3 turns
 54777 | Depths:4 | Found a gate to the Realm of Zot.
 55803 | Elf:1    | Entered Level 1 of the Elven Halls
 55981 | Elf:1    | Noticed Louise
 55998 | Elf:1    | Killed Louise
 56505 | Elf:1    | Cast into level 3 of the Abyss (+3 hand axe of distortion)
 56512 | Abyss:3  | Found a corrupted altar of Lugonu.
 56718 | Elf:1    | Escaped the Abyss
 57195 | Elf:1    | Found Zyabir's Book Emporium.
 57682 | Elf:2    | Reached XP level 24. HP: 195/195 MP: 37/43
 57826 | Elf:2    | Found Ahini's Book Boutique.
 58068 | Elf:2    | Found a runed translucent gate.
 58079 | Elf:2    | Found a runed translucent gate.
 58080 | Elf:2    | Found a runed translucent gate.
 58122 | Elf:3    | Entered Level 3 of the Elven Halls
 58433 | Elf:3    | Found Vushroz's Antique Weapon Emporium.
 59238 | Elf:3    | Found the +5 demon whip "Spellbinder" {antimagic, Will+}
 59242 | Elf:3    | Got Orphacude's Incunabulum of Cold and Enchantment
 60105 | Slime:1  | Entered Level 1 of the Pits of Slime
 60555 | Slime:2  | Gained mutation: You are partially covered in iridescent
                  | scales. (AC +2) [a shining eye]
 60558 | Slime:2  | Gained mutation: You passively map a small area around you.
                  | [a shining eye]
 60818 | Slime:5  | Entered Level 5 of the Pits of Slime
 61381 | Slime:5  | Found a viscous altar of Jiyva.
 61381 | Slime:5  | Noticed the Royal Jelly
 61415 | Slime:5  | HP: 60/196 [rockslime[the Royal Jelly] (10)]
 61423 | Slime:5  | HP: 40/196 [rockslime[the Royal Jelly] (27)]
 61431 | Slime:5  | HP: 35/196 [azure jelly (6)]
 61431 | Slime:5  | Slain by an azure jelly

Illustrated notes

Levels and vault maps discovered:
D:1:      tarquinn_simple_flora_water_d, layout_loops_ring,
          hellmonk_ecumenical_altar_heavens_door
D:2:      cheibrodos_old_hovel, layout_basic, serial_shops, shop,
          kennysheep_generic_room_8, uniq_jessica
D:3:      layout_rooms, mainiacjoe_overflow_concentric_impassable,
          kennysheep_generic_room_11, uniq_grinder
D:4:      minmay_diamond_boxcup, layout_rooms, dk_yredelemnul_ordeal,
          mainiacjoe_overflow_small_starburst,
          chequers_temple_overflow_statue_of_worship, minmay_misc_feat_pillars,
          minmay_goblin_kobold_house
D:5:      layout_cave_pools, cheibrodos_ashenzari_chains,
          minmay_temple_entry_poolview, gammafunk_ghost_grave,
          minmay_hollow_rounded_squares, uniq_duvessa
D:6:      layout_cave_pools, gup_sewer_entry_pipe, hangedman_decor_riveting,
          uniq_maggie, uniq_sigmund, uniq_eustachio
D:7:      layout_basic
D:8:      layout_basic, lemuel_crystal_altar, enter_bailey_5
D:9:      layout_rooms, mainiacjoe_overflow_six_doors_small, lair_entry_dummy,
          serial_shops, nicolae_shop_statue_plus, shop_fountains,
          nicolae_shop_advertising_works [nicolae_subvault_shop_adworks],
          kennysheep_little_box, nicolae_shop_competitors_out_of_business,
          serial_bayou, serial_bayou_pond_d, serial_bayou_lagoon_a,
          serial_bayou_pond_c, serial_bayou_pond_e, serial_bayou_lagoon_b,
          serial_bayou_shore_b, kennysheep_big_empty_room,
          grunt_decor_mini_mirrors, grunt_ministairs_11
D:10:     minmay_the_grid_plus [minmay_the_grid_garden,
          minmay_the_grid_outer_diamond, minmay_the_grid_broken_lines,
          minmay_the_grid_dragon_b,
          minmay_the_grid_prize_four_corners_diamond_a], layout_irregular_city,
          chequers_garden
D:11:     minmay_bloctagon_deflated, layout_stronghold, minmay_bent
D:12:     layout_rooms, serial_shops, nicolae_diamond_shop,
          portal_ice_cave_entry_pillars_2, kennysheep_donut
D:13:     layout_basic
D:14:     layout_cave_pools, david_vaults_4, serial_park_gazebo
          [serial_park_minivault_5x5_1], minmay_strange_pillars, uniq_nessos
D:15:     hangedman_depths_entry_try_elsewhere_first, layout_basic,
          serial_shops, shop, chequers_jeans, ebering_ghost_inner_flame
Lair:1:   dragon1_lemuel, layout_big_grid, gammafunk_ghost_abyssal_escape
Lair:2:   layout_cave_pods, serial_rivers, chequers_serial_rivers_room_a,
          chequers_serial_rivers_large_a, chequers_serial_rivers_micro_a,
          chequers_serial_rivers_micro_a, chequers_serial_rivers_micro_c,
          chequers_serial_rivers_marsh
Lair:3:   layout_layer_cave, minmay_shoals_entry_lonely_mermaid,
          grunt_megastairs_4
Lair:4:   layout_cave_pods, minmay_snake_entry_six_corridors, uniq_nergalle
Lair:5:   layout_loops_ring, basic_altar
Lair:6:   hangedman_lair_tendril_chambers, layout_loops_ring,
          guppyfry_lair_end_dragon, slime_dummy, st_stairs_13
Shoals:1: layout_shoals
Shoals:2: layout_shoals, nicolae_splish_splash
Shoals:3: layout_shoals
Shoals:4: shoals_end_simple, layout_shoals, serial_shops,
          nicolae_shop_behind_doors, uniq_bai_suzhen, uniq_polyphemus
Snake:1:  layout_basic, uniq_mlioglotl
Snake:2:  layout_chambers, uniq_aizul, uniq_donald, uniq_vashnia
Snake:3:  layout_chambers
Snake:4:  grunt_snake_rune_serpentine_throne, layout_rooms, serial_shops, shop,
          nicolae_shop_behind_doors, shop, nicolae_fountain_basement
Slime:1:  layout_caves
Slime:2:  layout_caves
Slime:3:  layout_caves
Slime:4:  layout_caves
Slime:5
Orc:1:    layout_diamond_mine, uniq_urug
Orc:2:    pf_orc_diabolical, layout_caves, serial_shops, shop
Elf:1:    minmay_elf_arrival_plus, layout_gridlike, serial_shops,
          nicolae_shop_stone, minivault_28, uniq_louise
Elf:2:    nicolae_elf_blades_splatter_lattice
          [nicolae_blade_entry_diamond_columns], layout_geoelf_grid,
          serial_shops, shop_statue, guppyfry_library_mini
Elf:3:    minmay_elf_hall_curves, layout_geoelf_castle, serial_shops,
          nicolae_shop_overgrown_old_shop
Vaults:1: v_alt_pattern_3, vaults_room_semicircle,
          nicolae_vaults_little_squares_2, v_rooms_2,
          nicolae_vaults_little_squares_6, v_misc_22,
          vaults_room_grunt_arrival_ludios, nicolae_vaults_big_ls, v_misc_10,
          nicolae_vaults_stairing_the_circle, nicolae_vaults_arrows, st_lattice,
          layout_vaults_omnibox
Vaults:2: ontoclasm_vaults_spin, vaults_dpeg_diagonal,
          minmay_crypt_entry_nasty_monster, ontoclasm_vaults_decontamination,
          v_misc_18, nicolae_vaults_inception_statues, v_misc_16,
          ontoclasm_vaults_loading_screen, v_misc_14,
          ontoclasm_vaults_ring_small, nicolae_vaults_theta,
          nicolae_vaults_mini_display_case, nicolae_vaults_c_with_doors,
          vaults_dpeg_encased_lava, vaults_mumra_hexcomb,
          layout_vaults_big_cross
Vaults:3: nicolae_vaults_alarming, hangedman_vaults_stitches,
          emtedronai_trogs_sanctum, nicolae_vaults_little_squares_5,
          hangedman_vaults_capsules, v_pattern_5, vaults_standard_mumra_x,
          nicolae_vaults_ring_of_whatevers, v_misc_11, layout_vaults_maze_bifur,
          serial_shops, shop
Vaults:4: st_check, v_misc_4, vaults_mumra_minichess_inversion, v_misc_19,
          nicolae_vaults_angled_halls, vaults_room_pool,
          vaults_room_stairs_pillars, layout_vaults_big_room, uniq_mennas
Depths:1: layout_cave_pools, pf_hell_entry_tar_spiral,
          chequers_serial_rivers_small_a, grunt_ministairs_1,
          minmay_fire_ice_demons
Depths:2: minmay_spriggan_fort, layout_basic, enter_ziggurat_c, abyss_entry,
          pan_entry, hell_entry, lemuel_crystal_altar, minmay_staircase_bubble
Depths:3: kennysheep_bubble_arena, layout_basic, grunt_hell_horde,
          serial_curves, eino_curves_01, eino_curves_02,
          nemelex_lonely_heart_becter, abyss_entry_flame_altar,
          roderic_lattice_a, chequers_serial_rivers_large_b,
          serial_bayou_shore_b
Depths:4: grunt_bruiser_brothers, layout_gridlike, pf_hell_entry_great_geh,
          kiku_gazebo_pond_becter, serial_curves, eino_curves_04,
          eino_curves_03, pdpol_wu_jian_five_deadly_venoms

Skill      XL: |  1  2  3  4  5  6  7  8  9 10 11 12 13 14 15 16 17 18 19 20 21 22 23 24 |
---------------+-------------------------------------------------------------------------+-----
Invocations    | 1 2 3 4 5 6 7 8 9 10 11 12 13 14 15 16 17 | 17.9
Short Blades   | 1 2 3 4 5 6 7 8 9 10 11 12 13 14 15 16 | 16.5
Long Blades    | 1 2 3 4 5 6 7 8 9 10 11 12 13 14 15 16 | 16.5
Axes           | 1 2 3 4 5 6 7 8 9 10 11 12 13 14 15 16 | 16.5
Maces & Flails | 1 2 3 4 5 6 7 8 9 10 11 12 13 14 15 16 | 16.5
Staves         | 1 2 3 4 5 6 7 8 9 10 11 12 13 14 15 16 | 16.5
Slings         | 1 2 3 4 5 6 7 8 9 10 11 12 13 14 15 16 | 16.5
Bows           | 1 2 3 4 5 6 7 8 9 10 11 12 13 14 15 16 | 16.5
Crossbows      | 1 2 3 4 5 6 7 8 9 10 11 12 13 14 15 16 | 16.5
Throwing       | 1 2 3 4 5 6 7 8 9 10 11 12 13 14 15 16 | 16.5
Dodging        | 1 2 3 4 5 6 7 8 9 10 11 12 13 14 15 16 | 16.5
Stealth        | 1 2 3 4 5 6 7 8 9 10 11 12 13 14 15 16 | 16.5
Unarmed Combat | 1 2 3 4 5 6 7 8 9 10 11 12 13 14 15 16 | 16.5
Spellcasting   | 1 2 3 4 5 6 7 8 9 10 11 12 13 14 15 16 | 16.5
Evocations     | 1 2 3 4 5 6 7 8 9 10 11 12 13 14 15 16 | 16.5
Conjurations   | 1 2 3 4 5 6 7 8 9 10 11 12 13 14 | 14.0
Hexes          | 1 2 3 4 5 6 7 8 9 10 11 12 13 14 | 14.0
Summonings     | 1 2 3 4 5 6 7 8 9 10 11 12 13 14 | 14.0
Necromancy     | 1 2 3 4 5 6 7 8 9 10 11 12 13 14 | 14.0
Translocations | 1 2 3 4 5 6 7 8 9 10 11 12 13 14 | 14.0
Transmutations | 1 2 3 4 5 6 7 8 9 10 11 12 13 14 | 14.0
Fire Magic     | 1 2 3 4 5 6 7 8 9 10 11 12 13 14 | 14.0
Ice Magic      | 1 2 3 4 5 6 7 8 9 10 11 12 13 14 | 14.0
Air Magic      | 1 2 3 4 5 6 7 8 9 10 11 12 13 14 | 14.0
Earth Magic    | 1 2 3 4 5 6 7 8 9 10 11 12 13 14 | 14.0
Poison Magic   | 1 2 3 4 5 6 7 8 9 10 11 12 13 14 | 14.0
Polearms       | 5 6 7 8 9 10 11 12 13 14 15 16 17 | 17.0
Fighting       | 7 8 9 10 11 12 13 14 15 16 17 | 17.6
Armour         | 7 8 9 10 11 12 13 14 15 16 17 | 17.6
Shields        | 7 8 9 10 11 12 13 14 15 16 17 | 17.6

Action                   |  1- 3 |  4- 6 |  7- 9 | 10-12 | 13-15 | 16-18 | 19-21 | 22-24 || total
-------------------------+-------+-------+-------+-------+-------+-------+-------+-------++-------
Melee: Trident           |   102 |   134 |   470 |   740 |       |   546 |    43 |       ||  2035
       Bite              |     6 |    16 |    50 |   110 |   120 |   225 |   180 |   181 ||   888
       Broad axe         |       |       |       |    54 |   849 |   920 |    14 |    73 ||  1910
       Eveningstar       |       |       |       |       |       |       |   882 |   605 ||  1487
       Demon whip        |       |       |       |       |       |       |    20 |    13 ||    33
       Eudemon blade     |       |       |       |       |       |       |       |   133 ||   133
       Demon trident     |       |       |       |       |       |       |       |   424 ||   424
Throw: Throwing net      |       |       |     1 |     3 |       |       |       |       ||     4
       Javelin           |       |       |       |     8 |    13 |       |       |       ||    21
       Boomerang         |       |       |       |    44 |   278 |   255 |    63 |    29 ||   669
 Cast: Lesser Beckoning  |       |       |       |       |    17 |   124 |    77 |    94 ||   312
       Passage of Golubr |       |       |       |       |     1 |       |       |       ||     1
       Flame Wave        |       |       |       |       |       |    24 |     3 |       ||    27
       Freezing Cloud    |       |       |       |       |       |       |    45 |   122 ||   167
       Borgnjor's Vile C |       |       |       |       |       |       |    54 |    74 ||   128
       Manifold Assault  |       |       |       |       |       |       |       |    68 ||    68
Invok: Slouch            |       |       |     1 |     5 |     8 |     1 |       |       ||    15
       Bend Time         |       |       |       |       |     1 |    24 |       |       ||    25
       Temporal Distorti |       |       |       |       |       |     1 |       |       ||     1
       Step From Time    |       |       |       |       |       |     2 |       |       ||     2
Evoke: Wand              |       |       |       |     8 |       |    13 |       |       ||    21
       Tin of tremorston |       |       |       |     1 |     1 |     7 |     2 |       ||    11
       Box of beasts     |       |       |       |     1 |     2 |     4 |     1 |       ||     8
       Lightning rod     |       |       |       |       |     7 |     4 |       |       ||    11
  Use: Scroll            |     5 |     3 |     5 |    11 |     5 |    14 |     3 |     5 ||    51
       Potion            |       |       |       |     2 |       |     7 |       |     2 ||    11
 Stab: Sleeping          |       |       |     3 |       |     1 |       |       |       ||     4
       Distracted        |       |       |     1 |       |       |     1 |       |     3 ||     5
       Held in net/web   |       |       |       |     4 |       |       |       |       ||     4
Armor: Scale mail        |    14 |       |    78 |       |       |       |       |       ||    92
       Chain mail        |    27 |    45 |    35 |       |       |       |       |       ||   107
       Crystal plate arm |       |       |    58 |   423 |   449 |   721 |   448 |   356 ||  2455
       Ice dragon scales |       |       |       |       |    16 |       |       |       ||    16
Dodge: Dodged            |    23 |    27 |   167 |   265 |   534 |   623 |   468 |   418 ||  2525
Block: Buckler           |    20 |    27 |   189 |   358 |   508 |   180 |       |       ||  1282
       Kite shield       |       |       |       |       |       |   839 |   725 |   643 ||  2207
